 Dungeon Crawl Stone Soup version 0.17-a0-2014-g32cd421 (webtiles) character file.

9720 tp1 the Basher (level 11, 0/63 HPs)
             Began as a Gargoyle Berserker on Oct 9, 2015.
             Was a High Priest of Trog.
             Slain by a white ugly thing (2 damage)
             ... on level 11 of the Dungeon.
             The game lasted 01:22:54 (10745 turns).

tp1 the Basher (Gargoyle Berserker)                Turns: 10745, Time: 01:22:54

Health: 0/63       AC: 28    Str: 19    XL:     11   Next: 50%
Magic:  11/11      EV: 12    Int: 11    God:    Trog [*****.]
Gold:   397        SH:  0    Dex: 15    Spells: 0 memorised, 10 levels left

rFire  + . .     SeeInvis .     Z - +8 war axe of the Radish {drain, rPois Int+3 Dex+3}
rCold  x . .     Clarity  .     U - +0 plate armour
rNeg   + . .     SustAt   .     (no shield)
rPois  ∞         Gourm    +     H - +0 helmet
rElec  +         Spirit   .     (no cloak)
rCorr  .         Warding  .     n - +2 pair of gloves
rMut   .         Stasis   .     u - +1 pair of boots
MR     .....                    s - amulet of the gourmand
Stlth  ..........               I - ring of fire
                                j - +3 ring of evasion

@: exhausted, slowed, very slow, not resistant to hostile enchantments,
extremely unstealthy
A: negative energy resistance 1, electricity resistance, weak 1, unbreathing,
petrification resistance, rot immunity, AC +7
a: Burn Spellbooks, Berserk, Trog's Hand, Brothers in Arms, Renounce Religion


You were on level 11 of the Dungeon.
You worshipped Trog.
Trog was extremely pleased with you.
You were not hungry.

You visited 1 branch of the dungeon, and saw 11 of its levels.

You collected 607 gold pieces.
You spent 210 gold pieces at shops.

Inventory:

Hand Weapons
 q - the +10 hunting sling of Mupo {speed, rPois MR+ Str+4 Stlth-}
   (Trog gifted it to you on level 10 of the Dungeon)

   Attacks with this weapon are significantly faster.
   It affects your strength (+4).
   It protects you from poison.
   It affects your resistance to hostile enchantments.
   It makes you less stealthy.
 Y - a +0 morningstar
 Z - the +8 war axe of the Radish (weapon) {drain, rPois Int+3 Dex+3}
   (You found it on level 9 of the Dungeon)

   A truly terrible weapon, it drains the life of those it strikes.
   It affects your intelligence (+3).
   It affects your dexterity (+3).
   It protects you from poison.
Missiles
 J - 22 stones
 M - 6 javelins (quivered)
Armour
 n - a +2 pair of gloves (worn)
 u - a +1 pair of boots (worn)
 G - the +0 Maxwell's etheric cage {RegenMP *Contam rElec MP+4}
   (You took it off Robin on level 4 of the Dungeon)

   It insulates you from electricity.
   It affects your magic capacity (+4).
   It causes magical contamination when unequipped.
 H - a +0 helmet (worn)
 U - a +0 plate armour (worn)
Jewellery
 g - an uncursed amulet of faith
 j - a +3 ring of evasion (left hand)
 o - an uncursed amulet of resist mutation
 s - an amulet of the gourmand (around neck)
 F - an uncursed ring of flight
 I - a ring of fire (right hand)
 O - an uncursed amulet of stasis
Wands
 a - a wand of cold (2)
 b - a wand of cold (7)
 c - a wand of confusion (35)
 e - a wand of flame (19)
 k - a wand of paralysis (6)
 y - a wand of polymorph (14)
 K - a wand of fireball (12)
 L - a wand of slowing (23)
Scrolls
 d - 5 scrolls of enchant weapon
 h - 6 scrolls of remove curse
 i - 2 scrolls of immolation
 l - a scroll of acquirement
 p - 4 scrolls of teleportation
 r - a scroll of noise
 t - 2 scrolls of amnesia
 w - a scroll of identify
 E - a scroll of magic mapping
 N - a scroll of fog
 P - 3 scrolls of recharging
 V - a scroll of enchant armour
 X - a scroll of brand weapon
Potions
 m - 2 potions of poison
 v - 3 potions of curing
 z - 4 potions of heal wounds
 A - a potion of berserk rage
 D - a potion of cancellation {unknown}
 R - 4 potions of flight {unknown}
 T - a potion of invisibility {unknown}
 W - a potion of ambrosia {unknown}
Comestibles
 f - 3 meat rations
 B - 4 bread rations
 C - a royal jelly
 Q - 2 fruits
 S - 8 chunks of flesh


   Skills:
 - Level 5.0 Fighting
 - Level 8.6(9.9) Axes
 - Level 8.6(10.4) Maces & Flails
 * Level 6.2 Slings
 - Level 8.0 Armour
 - Level 6.3 Dodging


You had 10 spell levels left.
You didn't know any spells.

Dungeon Overview and Level Annotations

Branches:
Dungeon (11/15)            Temple (0/1) D:4            Lair (0/8) D:8
    Orc (0/4) D:10

Altars:
Dithmenos
Elyvilon
Fedhas
Nemelex Xobeh
Sif Muna
Trog
Xom

Shops:
D:10 =

Portals:
Trove: D:10 (give +4 gold dragon armour)


Innate Abilities, Weirdness & Mutations

You are resistant to torment.
Your stone body is resilient (AC +7).
You are immune to poison.
You resist negative energy.
You are resistant to electric shocks.
You can survive without breathing.
You are immune to petrification.
You are immune to rotting.
You are weak. (Str -2)


Message History

You feel a strong urge to attack something.
You see here 3 arrows.
You are no longer berserk.
You are exhausted.
You feel yourself slow down.
You slash the white ugly thing! You drain the white ugly thing!
The white ugly thing is heavily wounded.
The white ugly thing tail-slaps you but does no damage.
The white ugly thing misses you.
The centaur wields a shortbow.
The centaur shoots an arrow of frost.
The arrow of frost hits you.
* * * LOW HITPOINT WARNING * * *
The arrow of frost freezes you.
* * * LOW HITPOINT WARNING * * *
The centaur shoots an arrow of frost.
The arrow of frost hits you.
* * * LOW HITPOINT WARNING * * *
The arrow of frost freezes you.
* * * LOW HITPOINT WARNING * * *
The white ugly thing tail-slaps you.
You die...

...#......##..........###)#####
...........##............)....#
.......###..#............)....#
.......)###(.####.##..........#
......#).#<...###.###.........#
####...).......##.# #.........#
####.###........#.#
#######.....#
##....#...........# #.....
#...............@.# .....
#...[..#.......u#.# .....
#......##.....c##c## ....
#......###......ccc# #......#
########.e# .<.....# ##(#
##..).## #...# ####### e......
# .........#


You could see a white ugly thing, a deep elf mage and 4 centaurs.

Vanquished Creatures
  Josephine (D:10)
  An unseen horror (D:10)
  A hill giant (D:11)
  An ugly thing (D:11)
  2 trolls
  A two-headed ogre (D:10)
  The ghost of Uberwunderbarhen the Ducker, an amateur OpFi (D:4)
  5 yaks (D:10)
  3 hippogriffs
  A hungry ghost (D:11)
  3 wraiths (D:10)
  Menkaure (D:4)
  3 ogres
  4 sky beasts
  A black bear (D:7)
  2 ice beasts
  An eye of draining (D:11)
  2 orc warriors
  A phantom (D:9)
  A crocodile (D:11)
  3 centaurs
  10 giant frogs
  A big kobold (D:11)
  A gnoll sergeant (D:9)
  A wyvern skeleton (D:7)
  4 scorpions
  11 killer bees
  6 crimson imps
  6 hounds
  6 orc priests
  3 centaur skeletons
  A jelly (D:6)
  2 giant frog zombies
  2 centaur zombies
  2 giant frog skeletons
  4 iguanas
  Natasha (thrice) (D:4)
  11 orc wizards
  6 worker ants
  2 hound zombies
  Robin (D:4)
  A worker ant zombie (D:6)
  9 adders
  7 gnolls
  2 shadow imps
  An ooze (D:4)
  3 worms
  34 orcs
  8 bats
  6 giant cockroaches
  7 hobgoblins
  15 jackals
  9 kobolds
  A quokka (D:7)
  A ball python (D:2)
  9 giant geckos
  10 giant newts
  9 goblins
  2 jackal skeletons (D:4)
  4 rats
260 creatures vanquished.

Vanquished Creatures (others)
  A quokka (D:8)
1 creature vanquished.

Grand Total: 261 creatures vanquished

Notes
Turn   | Place    | Note
--------------------------------------------------------------
     0 | D:1      | tp1 the Gargoyle Berserker began the quest for the Orb.
     0 | D:1      | Reached XP level 1. HP: 14/14 MP: 1/1
   161 | D:1      | Reached XP level 2. HP: 6/19 MP: 2/2
   758 | D:2      | HP: 1/20 [worm (6)]
  1059 | D:2      | Reached XP level 3. HP: 12/24 MP: 3/3
  1115 | D:2      | Acquired Trog's second power
  1665 | D:2      | Found a sparkling altar of Nemelex Xobeh.
  2367 | D:3      | Found a faded altar to an unknown god.
  2561 | D:3      | Reached skill level 1 in Maces & Flails
  2723 | D:3      | Reached XP level 4. HP: 21/29 MP: 4/4
  3132 | D:3      | Reached XP level 5. HP: 25/33 MP: 5/5
  3325 | D:4      | Found a staircase to the Ecumenical Temple.
  3383 | D:4      | Noticed Uberwunderbarhen's ghost (amateur OpFi)
  3503 | D:4      | Killed Uberwunderbarhen's ghost
  3503 | D:4      | Reached skill level 5 in Dodging
  3503 | D:4      | Reached XP level 6. HP: 32/38 MP: 6/6
  3591 | D:4      | Noticed Robin
  3604 | D:4      | Killed Robin
  3648 | D:4      | Noticed Natasha
  3652 | D:4      | Reached XP level 7. HP: 42/42 MP: 7/7
  3665 | D:4      | Killed Natasha
  3685 | D:4      | Noticed Natasha
  3689 | D:4      | Killed Natasha
  3720 | D:4      | Noticed Menkaure
  3731 | D:4      | Killed Menkaure
  3731 | D:4      | Reached skill level 6 in Dodging
  3953 | D:4      | Noticed an ogre
  3962 | D:4      | Killed an ogre
  4004 | D:4      | Noticed Natasha
  4015 | D:4      | Killed Natasha
  4330 | D:5      | Entered Level 5 of the Dungeon
  4459 | D:5      | Reached XP level 8. HP: 36/48 MP: 8/8
  4575 | D:5      | Gained mutation: You are weak. (Str -2) [mutagenic glow]
  4627 | D:5      | Reached skill level 5 in Maces & Flails
  4907 | D:6      | Found a blossoming altar of Fedhas.
  4954 | D:6      | Got an encrusted ring mail
  4965 | D:6      | Identified the +7 ring mail of the Ditch-Digger {MR++ Str-3 Int+6} (You found it on level 6 of the Dungeon)
  5337 | D:6      | Acquired Trog's third power
  5354 | D:6      | Reached skill level 7 in Maces & Flails
  5376 | D:6      | Found a shimmering altar of Xom.
  5376 | D:6      | Found a deep blue altar of Sif Muna.
  5376 | D:6      | Found a bloodstained altar of Trog.
  5482 | D:6      | Found a shadowy altar of Dithmenos.
  5740 | D:7      | Reached skill level 8 in Maces & Flails
  5740 | D:7      | Reached XP level 9. HP: 52/52 MP: 9/9
  7225 | D:8      | Found a staircase to the Lair.
  7249 | D:8      | Found a white marble altar of Elyvilon.
  7778 | D:8      | Reached skill level 5 in Fighting
  7868 | D:8      | Reached skill level 5 in Armour
  8008 | D:8      | Reached skill level 5 in Axes
  8074 | D:9      | Reached XP level 10. HP: 59/59 MP: 10/10
  8708 | D:9      | Got a translucent war axe
  8709 | D:9      | Identified the +8 war axe of the Radish {drain, rPois Int+3 Dex+3} (You found it on level 9 of the Dungeon)
  9498 | D:10     | Entered Level 10 of the Dungeon
  9533 | D:10     | Noticed Josephine
  9582 | D:10     | Killed Josephine
  9690 | D:10     | Found a staircase to the Orcish Mines.
  9755 | D:10     | Received a gift from Trog
  9756 | D:10     | Reached XP level 11. HP: 59/63 MP: 11/11
  9765 | D:10     | Got an ivory hunting sling {god gift}
  9766 | D:10     | Identified the +10 hunting sling of Mupo {speed, rPois MR+ Str+4 Stlth-} (Trog gifted it to you on level 10 of the Dungeon)
  9865 | D:10     | Killed an unseen horror
  9877 | D:10     | Found a portal to a secret trove of treasure.
  9880 | D:10     | Found Vaevaito's Jewellery Boutique.
  9892 | D:10     | Bought an uncursed ring of flight for 210 gold pieces
 10375 | D:11     | Identified a scroll of acquirement
 10435 | D:11     | Reached skill level 5 in Slings
 10650 | D:11     | Noticed a hill giant
 10688 | D:11     | Killed a hill giant
 10745 | D:11     | HP: 3/63 [centaur/arrow of frost (1)]
 10745 | D:11     | Slain by a white ugly thing

Vault maps used:
D:1:      eino_arrival_tree_alley
D:2:      lemuel_round_altar, nrook_loot_triangle,
          hangedman_decor_clover_reticule, feat_on_display
D:3:      ecumenical_altar_1, serial_curves, eino_curves_01, eino_curves_04
D:4:      minmay_temple_entry_junction, uniq_menkaure, uniq_natasha, uniq_robin
D:5:      first_bread
D:6:      gammafunk_temple_overflow_forgotten, lemuel_doored_altar,
          kennysheep_little_box, minmay_lizard_king
D:8:      elyvilon_altar_4, lair_0_dummy
D:9:      lemuel_flame_loot_2
D:10:     lemuel_ice_spiral_2, david_orc_2, serial_shops, shop, enter_trove_1,
          uniq_josephine

Action                   |  1- 3 |  4- 6 |  7- 9 | 10-12 || total
-------------------------+-------+-------+-------+-------++-------
Melee: Hand axe          |    46 |    65 |       |       ||   111
       Whip              |   195 |    44 |       |       ||   239
       War axe           |       |     2 |   366 |   270 ||   638
       Flail             |       |       |    72 |       ||    72
       Mace              |       |       |    82 |       ||    82
       Morningstar       |       |       |     9 |       ||     9
       Hunting sling     |       |       |       |     3 ||     3
 Fire: Hunting sling     |       |       |       |     1 ||     1
Invok: Berserk           |     1 |     2 |     3 |     5 ||    11
       Trog's Hand       |     1 |     2 |     2 |     3 ||     8
       Burn Spellbooks   |       |       |       |     1 ||     1
  Use: Scroll            |       |       |    11 |     4 ||    15
       Potion            |       |       |       |     6 ||     6
  Eat: Chunk             |     3 |     4 |     9 |    20 ||    36
       Bread ration      |     1 |       |       |     1 ||     2
       Meat ration       |       |       |     2 |       ||     2
       Pizza             |       |       |       |     1 ||     1
